 Dungeon Crawl Stone Soup version 0.22.1-6-g1668fe2 (webtiles) character file.

123888 nimateb the Warrior (level 16, -9/214 HPs)
             Began as a Minotaur Berserker on Jan 10, 2019.
             Was the Champion of Trog.
             Mangled by a naga warrior
             ... wielding a +0 scimitar
              (10 damage)
             ... on level 4 of the Snake Pit on Jan 18, 2019.
             The game lasted 02:38:03 (35305 turns).

nimateb the Warrior (Minotaur Berserker)           Turns: 35305, Time: 02:38:05

Health: -9/214     AC: 21    Str: 33    XL:     16   Next: 38%
Magic:  22/22      EV:  8    Int:  2    God:    Trog [******]
Gold:   2591       SH:  4    Dex: 10    Spells: 15/15 levels left

rFire    . . .     SeeInvis .   U - +10 bardiche "Mueluagg" {freeze, rElec rPois MR+ Str-4}
rCold    . . .     Gourm    .   (shield currently unavailable)
rNeg     . . .     Faith    .   O - +4 scale mail of Fortification {rElec}
rPois    +         Spirit   .   E - +1 hat
rElec    +         Reflect  .   M - +2 cloak
rCorr    .         Harm     .   (no gloves)
MR       +++..                  a - +0 pair of boots
Stlth    ..........             (no amulet)
HPRegen  0.45/turn              L - +5 ring of strength
MPRegen  0.18/turn              e - ring of protection from magic

@: berserking (expiring), lethally poisoned (-9 -> -11), constricted, very quick
A: retaliatory headbutt, horns 2, large bone plates 1, blink, blurry vision 1,
dopey 1, frail 1, weak 1, wild magic 1
a: Blink, Berserk, Trog's Hand, Brothers in Arms, Renounce Religion


You were on level 4 of the Snake Pit.
You worshipped Trog.
Trog was exalted by your worship.
You were not hungry.

You visited 6 branches of the dungeon, and saw 30 of its levels.

You collected 2740 gold pieces.
You spent 149 gold pieces at shops.

Inventory:

Hand Weapons
 m - a +3 halberd of flaming
 F - a +9 antimagic demon trident
 U - the +10 bardiche "Mueluagg" (weapon) {freeze, rElec rPois MR+ Str-4}
   (Trog gifted it to you on level 1 of the Orcish Mines)

   It has been specially enchanted to freeze those struck by it, causing extra
   injury to most foes and up to half again as much damage against particularly
   susceptible opponents.
   It can also slow down cold-blooded creatures.
   It affects your strength (-4).
   It insulates you from electricity.
   It protects you from poison.
   It affects your resistance to hostile enchantments.
 Y - a +1 antimagic halberd
Armour
 a - a +0 pair of boots (worn)
 b - a scarf of cloud immunity
 E - a +1 hat (worn)
 M - a +2 cloak (worn)
 O - the +4 scale mail of Fortification (worn) {rElec}
   (You found it on level 2 of the Snake Pit)

   It insulates you from electricity.
 X - a scarf of spirit shield
Jewellery
 e - a ring of protection from magic (right hand)
 f - a +2 ring of protection
 k - an uncursed ring of poison resistance
 n - a cursed ring of attention
 p - a cursed ring of teleportation
 r - an uncursed ring of protection from magic
 s - a +3 ring of dexterity
 w - a +4 ring of intelligence
 C - an uncursed ring of flight
 I - an uncursed ring of positive energy
 J - an uncursed ring of protection from fire
 K - an uncursed ring of resist corrosion
 L - a +5 ring of strength (left hand)
 P - an uncursed amulet of magic regeneration
 R - an uncursed ring of protection from cold
 S - an uncursed ring of stealth
 V - an uncursed ring of protection from magic
Wands
 l - a wand of acid (23)
 q - a wand of scattershot (10)
 u - a wand of digging (7)
 x - a wand of enslavement (27)
 A - a wand of clouds (2)
 D - a wand of polymorph (9)
 N - a wand of random effects (29)
 Z - a wand of flame (24)
Scrolls
 i - 7 scrolls of teleportation
 j - a scroll of fog
 v - 2 scrolls of magic mapping
 y - 7 scrolls of remove curse
 W - a scroll of enchant weapon
Potions
 d - 3 potions of cancellation
 g - 7 potions of curing
 h - 4 potions of magic
 t - 2 potions of resistance
 z - a potion of invisibility
 G - 6 potions of flight
 H - a potion of brilliance
 Q - 2 potions of ambrosia
 T - a potion of haste
Comestibles
 c - 35 rations


   Skills:
 * Level 18.5 Fighting
 * Level 17.9 Polearms
 * Level 18.4 Armour
 - Level 2.3 Dodging
 + Level 10.3 Evocations


You had 15 spell levels left.
You didn't know any spells.
Your spell library was empty.

Dungeon Overview and Level Annotations

Branches:
Dungeon (15/15)            Temple (0/1) D:5            Lair (6/6) D:8
 Shoals (2/4) Lair:2        Snake (4/4) Lair:2        Slime (0/5) Lair:6
    Orc (2/2) D:11         Vaults (0/5) D:13         Depths (1/5) D:15
    Elf: Orc:2

Altars:
Dithmenos
Gozag
Trog
Wu Jian
Xom
Yredelemnul
Beogh
Jiyva

Shops:
Orc:1 ?   Orc:2 [?%:

Annotations:
D:14 2 transporters, 1 runed door
Lair:6 exclusion: 4 oklob plants
Snake:2 Vashnia
Orc:2 Sonja


Innate Abilities, Weirdness & Mutations

You reflexively headbutt those who attack you in melee.
You have a pair of horns on your head.
You are partially covered in large bone plates. (SH +4)
You can translocate small distances at will.
Scrolls take you a little longer to read.
You are dopey. (Int -2)
You are frail. (-10% HP)
You are weak. (Str -2)
Your spells are a little harder to cast, but a little more powerful.


Message History

You slash the naga warrior! You freeze the naga warrior.
The naga warrior is heavily wounded.
You block the sea snake's attack. The black mamba bites you.
* * * LOW HITPOINT WARNING * * *
The naga warrior hits you but does no damage.
* * * LOW HITPOINT WARNING * * *
The naga warrior constricts you.
You closely miss the naga warrior. You headbutt the naga warrior.
The naga warrior is heavily wounded.
You feel sick.
The black mamba bites you but does no damage.
You block the sea snake's attack. You block the black mamba's attack.
You barely miss the naga warrior.
The naga warrior is heavily wounded.
You feel sick. The sea snake bites you.
* * * LOW HITPOINT WARNING * * *
The black mamba bites you!
* * * LOW HITPOINT WARNING * * *
The naga warrior hits you with a scimitar!
You die...

.............#
#............##
#..............
#.............#
#.............#
#..............
#......<.......
#.....†SN<.....
#.....†@†......
##......)S......
##...............
##...#............
###.................
##......N............
##......(#............
#.......###...........
#......## #........##


You could see a naga warrior, a sea snake, a black mamba and a naga.

Vanquished Creatures
  Rupert (D:12)
  A nagaraja (Snake:1)
  A stone giant (D:11)
  An ettin (D:13)
  Snorg (D:12)
  A yaktaur captain (D:14)
  4 hydras
  7 naga warriors
  5 anacondas
  3 two-headed ogres
  A tengu warrior (D:15)
  4 death yaks
  3 naga sharpshooters
  2 hell knights (D:15)
  3 shock serpents
  A fire crab (D:14)
  An iron troll (D:13)
  6 unseen horrors
  A salamander mystic (Snake:2)
  2 sea snakes (Snake:2)
  A flayed ghost (D:15)
  A phantasmal warrior (D:13)
  3 naga ritualists
  A necromancer (D:15)
  3 orc knights
  2 deep elf magi
  5 mana vipers
  2 wolf spiders
  4 harpies (Shoals:1)
  10 orc sorcerers
  8 ugly things
  3 cyclopes
  8 elephants
  6 salamanders
  3 manticores
  A merfolk siren (Shoals:1)
  A faun (Shoals:1)
  24 black mambas
  4 guardian serpents
  Maurice (D:11)
  Psyche (D:8)
  A water nymph (Shoals:1)
  A centaur zombie (D:11)
  7 naga magi
  2 torpor snails (Lair:6)
  2 rime drakes (Lair:6)
  18 spiny frogs
  2 centaur skeletons
  An efreet (D:15)
  A freezing wraith (D:14)
  8 komodo dragons
  7 trolls
  3 hornets
  A polar bear (shapeshifter) (D:13)
  A wind drake (Shoals:1)
  9 slime creatures
  4 polar bears
  7 dream sheep (Lair:3)
  3 snapping turtles
  20 blink frogs
  A fire dragon zombie (D:15)
  8 hippogriffs
  3 redbacks
  5 water elementals
  2 shadows
  14 wyverns
  A centaur simulacrum (D:14)
  72 yaks
  2 basilisks (Lair:6)
  A steam dragon (D:9)
  2 hungry ghosts
  6 wargs
  21 nagas
  2 acid dragons
  30 water moccasins
  A hornet zombie (D:14)
  6 porcupines
  A phantom (D:4)
  An ice beast (D:10)
  2 sky beasts
  2 black bears (D:8)
  11 orc warriors
  A necrophage (D:10)
  11 ogres
  6 centaurs
  20 crocodiles
  3 big kobolds
  11 bullfrogs
  4 scorpions
  4 killer bees
  4 wights (D:9)
  8 electric eels
  3 howler monkeys
  9 crimson imps
  2 quasits
  2 bullfrog zombies
  4 jellies
  11 orc priests
  9 hounds
  3 bullfrog skeletons
  2 iguanas
  34 orc wizards
  12 worker ants
  A killer bee zombie (D:9)
  A hound zombie (D:6)
  A hound skeleton (D:8)
  A worker ant zombie (D:10)
  11 gnolls
  A howler monkey skeleton (D:7)
  14 adders
  A shadow imp (D:5)
  12 white imps (Lair:1)
  An ooze (D:1)
  An adder zombie (D:8)
  An adder skeleton (D:7)
  4 dart slugs
  4 worms
  5 leopard geckos
  96 orcs
  2 ball pythons (Snake:3)
  3 giant cockroaches
  6 goblins
  7 hobgoblins
  8 jackals
  3 quokkas
  14 bats
  6 frilled lizards
  A giant cockroach zombie (D:5)
  A jackal skeleton (D:7)
  19 kobolds
  A leopard gecko skeleton (D:4)
  5 rats
827 creatures vanquished.

Vanquished Creatures (collateral kills)
  Frances (Shoals:1)
  A caustic shrike skeleton (D:15)
  A hydra (Lair:5)
  2 skeletal warriors (D:15)
  A tengu zombie (D:15)
  An ettin zombie (D:15)
7 creatures vanquished.

Vanquished Creatures (others)
  An orc (D:12)
  32 fungi
  47 plants
80 creatures vanquished.

Grand Total: 914 creatures vanquished

Notes
Turn   | Place    | Note
-------+----------+-------------------------------------------
     0 | D:1      | nimateb the Minotaur Berserker began the quest for the Orb.
     0 | D:1      | Reached XP level 1. HP: 19/19 MP: 0/0
    70 | D:1      | Reached XP level 2. HP: 22/27 MP: 1/1
  1011 | D:1      | Reached XP level 3. HP: 33/33 MP: 2/2
  1198 | D:2      | Reached ** piety under Trog
  1488 | D:2      | Found an ornate altar of the Wu Jian Council.
  1720 | D:2      | Reached XP level 4. HP: 41/41 MP: 3/3
  1920 | D:3      | Found a bloodstained altar of Trog.
  2730 | D:4      | Reached skill level 5 in Fighting
  2730 | D:4      | Reached skill level 5 in Polearms
  2730 | D:4      | Reached XP level 5. HP: 48/48 MP: 4/4
  2851 | D:4      | Found a shadowy altar of Dithmenos.
  2940 | D:4      | Noticed a phantom
  2987 | D:4      | Killed a phantom
  2987 | D:4      | Reached XP level 6. HP: 36/56 MP: 5/5
  3252 | D:4      | Reached *** piety under Trog
  3254 | D:4      | Got an ichor-stained dagger {venom}
  3264 | D:4      | Reached skill level 5 in Armour
  3349 | D:5      | Entered Level 5 of the Dungeon
  3580 | D:5      | Reached XP level 7. HP: 52/63 MP: 6/6
  3686 | D:5      | Found a staircase to the Ecumenical Temple.
  4457 | D:6      | Found a basalt altar of Yredelemnul.
  4601 | D:6      | Found an opulent altar of Gozag.
  5402 | D:7      | Reached XP level 8. HP: 73/73 MP: 7/7
  5436 | D:7      | Gained mutation: You are dopey. (Int -2) [potion of
                  | mutation]
  5436 | D:7      | Gained mutation: Scrolls take you a little longer to read.
                  | [potion of mutation]
  5436 | D:7      | Gained mutation: You are weak. (Str -2) [potion of
                  | mutation]
  5436 | D:7      | Gained mutation: You evolve. [potion of mutation]
  5461 | D:7      | Found a shimmering altar of Xom.
  5915 | D:8      | Reached skill level 1 in Evocations
  5921 | D:8      | Reached **** piety under Trog
  6742 | D:8      | Found a staircase to the Lair.
  7003 | D:8      | Noticed Psyche
  7012 | D:8      | Killed Psyche
  7012 | D:8      | Reached XP level 9. HP: 65/82 MP: 9/9
  7176 | Lair:1   | Entered Level 1 of the Lair of Beasts
  7378 | Lair:1   | Noticed a spiny frog
  7391 | Lair:1   | Killed a spiny frog
  7465 | Lair:1   | Noticed a spiny frog
  7487 | Lair:1   | Killed a spiny frog
  7835 | Lair:1   | Reached skill level 10 in Polearms
  7868 | Lair:1   | Noticed a spiny frog
  7871 | Lair:1   | Killed a spiny frog
  7871 | Lair:1   | Reached skill level 10 in Fighting
  8049 | Lair:1   | Reached XP level 10. HP: 90/93 MP: 11/11
  8124 | Lair:1   | Noticed a spiny frog
  8132 | Lair:1   | Killed a spiny frog
  8385 | Lair:2   | Reached skill level 10 in Armour
  8393 | Lair:2   | Noticed an elephant
  8393 | Lair:2   | Noticed an elephant
  8434 | Lair:2   | Noticed an elephant
  8435 | Lair:2   | Noticed an elephant
  8455 | Lair:2   | Killed an elephant
  8463 | Lair:2   | Killed an elephant
  8465 | Lair:2   | Killed an elephant
  8520 | Lair:2   | Gained mutation: You can translocate small distances at
                  | will. [evolution]
  8594 | Lair:2   | Killed an elephant
  8802 | Lair:2   | Noticed a spiny frog
  8815 | Lair:2   | Killed a spiny frog
  9135 | Lair:2   | Found a staircase to the Snake Pit.
  9280 | Lair:2   | Noticed a spiny frog
  9287 | Lair:2   | Killed a spiny frog
  9605 | Lair:2   | Reached XP level 11. HP: 86/102 MP: 13/13
  9747 | Lair:2   | Upgraded the game from 0.22.1-5-g62c59d9 to
                  | 0.22.1-6-g1668fe2
  9769 | Lair:2   | Found a staircase to the Shoals.
  9798 | Lair:2   | Gained mutation: You are partially covered in large bone
                  | plates. (SH +4) [evolution]
 10285 | Lair:3   | Reached skill level 5 in Evocations
 10552 | Lair:3   | Reached ***** piety under Trog
 11102 | Lair:3   | Gained mutation: You are frail. (-10% HP) [evolution]
 11769 | Lair:4   | Reached XP level 12. HP: 68/101 MP: 15/15
 12150 | Lair:4   | Gained mutation: Your spells are a little harder to cast,
                  | but a little more powerful. [evolution]
 12150 | Lair:4   | Lost mutation: You evolve. [end of evolution]
 13250 | Lair:5   | Noticed a seven-headed hydra
 13256 | Lair:5   | Killed a seven-headed hydra
 13622 | Lair:5   | Received a gift from Trog
 14323 | D:9      | Noticed a two-headed ogre
 14330 | D:9      | Killed a two-headed ogre
 14818 | D:9      | Noticed a two-headed ogre
 14823 | D:9      | Killed a two-headed ogre
 14960 | D:10     | Entered Level 10 of the Dungeon
 14986 | D:10     | Received a gift from Trog
 15125 | D:10     | Noticed a two-headed ogre
 15134 | D:10     | Killed a two-headed ogre
 15500 | D:10     | Reached XP level 13. HP: 111/111 MP: 17/17
 15693 | D:10     | Paralysed by a hornet for 3 turns
 16114 | D:11     | Found a staircase to the Orcish Mines.
 16415 | D:11     | Noticed Maurice
 16435 | D:11     | Killed Maurice
 16742 | Orc:1    | Entered Level 1 of the Orcish Mines
 16759 | Orc:1    | Noticed a stone giant
 17054 | D:11     | Killed a stone giant
 17413 | Orc:1    | Reached ****** piety under Trog
 17586 | Orc:1    | Received a gift from Trog
 17877 | Orc:1    | Found Igusk's Magic Scroll Emporium.
 17892 | Orc:1    | Bought a scroll of teleportation for 42 gold pieces
 17892 | Orc:1    | Bought a scroll of teleportation for 42 gold pieces
 17963 | Orc:1    | Found a roughly hewn altar of Beogh.
 18160 | Orc:2    | Entered Level 2 of the Orcish Mines
 18351 | Orc:2    | Noticed Sonja
 18598 | Snake:1  | Entered Level 1 of the Snake Pit
 19021 | Snake:1  | Noticed a nagaraja
 19044 | Snake:1  | Killed a nagaraja
 19044 | Snake:1  | Reached skill level 15 in Polearms
 19218 | Snake:1  | Reached skill level 15 in Fighting
 20104 | Snake:1  | Reached skill level 15 in Armour
 21753 | D:12     | Reached XP level 14. HP: 86/121 MP: 19/19
 22786 | D:13     | Found a gate to the Vaults.
 23267 | D:14     | You fall through a shaft!
 23267 | D:15     | Entered Level 15 of the Dungeon
 23267 | D:15     | Found a staircase to the Depths.
 23707 | D:14     | Found a transporter.
 23708 | D:14     | Noticed a tengu reaver
 23735 | D:14     | Noticed a fire giant
 23823 | D:14     | Found a transporter.
 24758 | Shoals:1 | Entered Level 1 of the Shoals
 25108 | Shoals:1 | Received a gift from Trog
 25269 | Shoals:1 | Noticed Frances
 25307 | Shoals:1 | Killed Frances
 26352 | Snake:2  | Reached XP level 15. HP: 30/131 MP: 6/20
 26939 | Snake:2  | Got a jewelled scale mail
 26942 | Snake:2  | Identified the +4 scale mail of Fortification {rElec} (You
                  | found it on level 2 of the Snake Pit)
 27058 | Snake:2  | Noticed Vashnia
 27185 | Lair:6   | Entered Level 6 of the Lair of Beasts
 28566 | Lair:6   | Received a gift from Trog
 29650 | Lair:6   | Found a viscous altar of Jiyva.
 29650 | Lair:6   | Found a staircase to the Slime Pits.
 30364 | Orc:1    | Received a gift from Trog
 30366 | Orc:1    | Got a slimy bardiche {god gift}
 30367 | Orc:1    | Identified the +10 bardiche "Mueluagg" {freeze, rElec rPois
                  | MR+ Str-4} (Trog gifted it to you on level 1 of the Orcish
                  | Mines)
 30854 | Orc:2    | Found Vaha's Food Shoppe.
 30896 | Orc:2    | Found Utolet's Book Boutique.
 30915 | Orc:2    | Received a gift from Trog
 30964 | Orc:2    | Found a roughly hewn altar of Beogh.
 31022 | Orc:2    | Found Eggocos's Armour Shoppe.
 31022 | Orc:2    | Found Yqiynwai's Magic Scroll Boutique.
 31064 | Orc:2    | Bought a scroll of teleportation for 39 gold pieces
 31064 | Orc:2    | Bought a scroll of fog for 26 gold pieces
 31407 | D:12     | Noticed Rupert
 31417 | D:12     | Killed Rupert
 31446 | D:12     | Noticed Snorg
 31483 | D:12     | Killed Snorg
 32268 | D:14     | Noticed a tengu reaver
 32268 | D:14     | Noticed a tengu reaver
 32325 | D:14     | Found a runed door.
 32348 | D:14     | Reached skill level 10 in Evocations
 32637 | Depths:1 | Entered Level 1 of the Depths
 32686 | D:15     | Reached XP level 16. HP: 66/141 MP: 22/22
 33438 | Snake:2  | Identified a scroll of acquirement
 35255 | Snake:4  | Entered Level 4 of the Snake Pit
 35305 | Snake:4  | HP: 1/214 [black mamba (10)]
 35305 | Snake:4  | Mangled by a naga warrior

Skill      XL: |  1  2  3  4  5  6  7  8  9 10 11 12 13 14 15 |
---------------+----------------------------------------------+-----
Polearms       | 4 5 6 7 9 10 11 13 14 15 16 17 | 17.9
Fighting       | 4 5 6 7 8 10 11 12 14 15 16 18 | 18.5
Armour         | 3 4 5 6 8 9 11 12 14 15 16 18 | 18.4
Evocations     | 2 3 4 5 7 8 9 10 | 10.3
Dodging        | |  2.3

Action                   |  1- 3 |  4- 6 |  7- 9 | 10-12 | 13-15 | 16-18 || total
-------------------------+-------+-------+-------+-------+-------+-------++-------
Melee: Spear             |    59 |       |       |       |       |       ||    59
       Headbutt          |    10 |    12 |    35 |   119 |   238 |    21 ||   435
       Trident           |    37 |    47 |       |       |       |       ||    84
       Halberd           |       |    81 |   230 |   696 |   438 |       ||  1445
       Demon trident     |       |       |       |       |   790 |       ||   790
       Bardiche          |       |       |       |       |   193 |   152 ||   345
Invok: Berserk           |       |       |     3 |     1 |    12 |     3 ||    19
       Brothers in Arms  |       |       |       |     1 |     4 |       ||     5
 Abil: Blink             |       |       |       |       |     1 |       ||     1
Evoke: Wand              |       |       |     2 |       |     3 |       ||     5
       Sack of spiders   |       |       |       |       |     1 |       ||     1
  Use: Scroll            |     6 |     3 |     7 |     8 |    17 |     2 ||    43
       Potion            |     3 |     5 |     3 |     4 |     7 |     2 ||    24
  Eat: Chunk             |     1 |     4 |    13 |    13 |    33 |     1 ||    65
       Ration            |     1 |       |     1 |     4 |    11 |     3 ||    20
Armor: Animal skin       |     3 |       |       |       |       |       ||     3
       Chain mail        |    32 |    49 |   140 |       |       |       ||   221
       Plate armour      |       |       |       |   262 |   410 |       ||   672
       Scale mail        |       |       |       |       |   201 |    89 ||   290
Dodge: Dodged            |    49 |    55 |   111 |   176 |   374 |    90 ||   855
Block: Other             |       |       |       |    43 |   144 |    41 ||   228
